 Dungeon Crawl Stone Soup version 0.19-a0-368-g4db2635 (webtiles) character file.

1362 QURUPT the Basher (level 8, -2/63 HPs)
             Began as a Centaur Fighter on May 30, 2016.
             Slain by a giant frog (3 damage)
             ... on level 6 of the Dungeon.
             The game lasted 00:15:24 (5853 turns).

QURUPT the Basher (Centaur Fighter)                 Turns: 5853, Time: 00:15:25

Health: -2/63      AC:  6    Str: 20    XL:     8   Next: 37%
Magic:  8/8        EV:  5    Int:  7    God:
Gold:   311        SH:  8    Dex: 10    Spells: 0 memorised, 7 levels left

rFire  . . .     SeeInvis .     a - +0 flail
rCold  + . .     Gourm    .     b - +0 scale mail
rNeg   . . .     Faith    .     c - +0 shield
rPois  .         Spirit   .     (no helmet)
rElec  .         Dismiss  .     (no cloak)
rCorr  .         Reflect  .     (no gloves)
SustAt .         Harm     .     (no barding)
MR     .....                    (no amulet)
Stlth  ..........               r - ring of protection from cold
                                (no ring)

@: very quick, not resistant to hostile enchantments, extremely unstealthy
A: hooves 3, deformed body, speed 2, tough skin 3
a: no special abilities


You were on level 6 of the Dungeon.
You were very hungry.

You visited 1 branch of the dungeon, and saw 6 of its levels.

You collected 311 gold pieces.

Inventory:

Hand Weapons
 a - a +0 flail (weapon)
Armour
 b - a +0 scale mail (worn)
 c - a +0 shield (worn)
Jewellery
 p - an uncursed ring of magical power
 r - a ring of protection from cold (right hand)
 w - a +3 ring of dexterity {unknown}
 y - an uncursed ring of positive energy {unknown}
Wands
 D - a wand of random effects (6/48)
Scrolls
 e - a scroll of remove curse
 g - 2 scrolls of recharging {unknown}
 h - 2 scrolls of fog {unknown}
 j - 4 scrolls of random uselessness {unknown}
 k - a scroll of enchant weapon {unknown}
 l - a scroll of teleportation {unknown}
 m - 5 scrolls of identify
 n - a scroll of magic mapping {unknown}
 v - a scroll of amnesia {unknown}
 A - a scroll of fear {unknown}
 B - a scroll of blinking {unknown}
 C - a scroll of noise {unknown}
Potions
 d - a potion of haste
 o - a potion of invisibility {unknown}
 s - a potion of heal wounds
 x - a potion of agility
Books
 z - a book of Alchemy

   Spells                             Type                      Level
   a - Sublimation of Blood           Necromancy                   2
   b - Ignite Poison                  Fire/Transmutation/Poison    3
   c - Petrify                        Transmutation/Earth          4
   d - Alistair's Intoxication        Transmutation/Poison         5
   e - Irradiate                      Conjuration/Transmutation    5
Comestibles
 f - 2 bread rations
 i - a royal jelly
 q - 3 meat rations
 u - 2 beef jerkies


   Skills:
 - Level 3.0 Fighting
 + Level 9.6 Maces & Flails
 - Level 2.1 Armour
 - Level 2.1 Shields


You had 7 spell levels left.
You didn't know any spells.

Dungeon Overview and Level Annotations

Branches:
Dungeon (6/15)
 Temple: D:4-7

Altars:
Ashenzari
Trog
Ukayaw
Xom


Innate Abilities, Weirdness & Mutations

You have hooves in place of feet.
Armour fits poorly on your strangely shaped body.
You cover ground very quickly.
You have extremely tough skin. (AC +3)


Message History

You kick the giant frog, but do no damage.
The giant frog is heavily wounded.
The giant frog hits you.
* * * LOW HITPOINT WARNING * * *
You sock the giant frog! You kick the giant frog.
The giant frog is almost dead.
The giant frog hits you.
* * * LOW HITPOINT WARNING * * *
The giant frog hits you.
* * * LOW HITPOINT WARNING * * *
You closely miss the giant frog.
The giant frog is almost dead.
The giant frog hits you.
* * * LOW HITPOINT WARNING * * *
You closely miss the giant frog.
The giant frog is almost dead.
The giant frog hits you.
* * * LOW HITPOINT WARNING * * *
The giant frog hits you.
You die...

#.##....#######...........
#......a......(.#.........
#)(.....e..(....#.........
#.##....####..............
#.##....# ######.#.......
#.####### #.......... #[#
#).)....... #.#
###..........
###.############@Fo......###
....<..#.........#.......#
.........#########.........
.......###########.......##.
####.......................
#.............###########
######......(.....
#........#### ##########


You could see an orc warrior and a giant frog.

Vanquished Creatures
  A wyvern (D:5)
  Menkaure (D:4)
  Duvessa (D:6)
  An ice beast (D:5)
  2 ogres
  A centaur (D:5)
  Dowan (D:6)
  A howler monkey (D:4)
  A crimson imp (D:5)
  A giant frog zombie (D:5)
  4 hounds
  Natasha (thrice) (D:4)
  2 orc wizards
  2 worker ants
  3 gnolls
  9 adders
  An adder zombie (D:5)
  An adder skeleton (D:5)
  3 worms
  A dart slug (D:1)
  2 giant geckos
  8 orcs
  6 giant cockroaches
  8 goblins
  2 hobgoblins
  2 jackals (D:5)
  2 quokkas (D:2)
  3 ball pythons
  10 bats
  2 giant gecko skeletons
  6 giant newts
  6 kobolds
  7 rats
104 creatures vanquished.

Notes
Turn   | Place    | Note
--------------------------------------------------------------
     0 | D:1      | QURUPT the Centaur Fighter began the quest for the Orb.
     0 | D:1      | Reached XP level 1. HP: 19/19 MP: 1/1
    35 | D:1      | Reached skill level 2 in Maces & Flails
   174 | D:1      | Reached XP level 2. HP: 26/26 MP: 2/2
   507 | D:2      | Reached skill level 3 in Maces & Flails
   537 | D:2      | Found a hide-covered altar to Ukayaw.
   573 | D:2      | Reached XP level 3. HP: 13/31 MP: 3/3
   901 | D:2      | Found a shattered altar of Ashenzari.
  2002 | D:3      | Reached skill level 4 in Maces & Flails
  2002 | D:3      | Reached XP level 4. HP: 29/38 MP: 4/4
  2171 | D:3      | Found a shimmering altar of Xom.
  2914 | D:3      | Reached XP level 5. HP: 16/45 MP: 5/5
  3268 | D:4      | Reached skill level 5 in Maces & Flails
  3802 | D:4      | Found a bloodstained altar of Trog.
  3807 | D:4      | Noticed Natasha
  3815 | D:4      | Killed Natasha
  3819 | D:4      | Noticed Natasha
  3835 | D:4      | Killed Natasha
  4032 | D:4      | Noticed Natasha
  4035 | D:4      | Killed Natasha
  4035 | D:4      | Reached XP level 6. HP: 47/51 MP: 6/6
  4194 | D:4      | Noticed Menkaure
  4199 | D:4      | Killed Menkaure
  4199 | D:4      | Reached skill level 6 in Maces & Flails
  4422 | D:5      | Entered Level 5 of the Dungeon
  4434 | D:5      | Reached skill level 7 in Maces & Flails
  4434 | D:5      | Reached XP level 7. HP: 31/57 MP: 7/7
  4917 | D:5      | Reached skill level 8 in Maces & Flails
  5414 | D:6      | Noticed a wyvern
  5444 | D:6      | Noticed Duvessa
  5469 | D:5      | Killed a wyvern
  5469 | D:5      | Reached skill level 9 in Maces & Flails
  5469 | D:5      | Reached XP level 8. HP: 37/63 MP: 8/8
  5619 | D:6      | Killed Duvessa
  5803 | D:6      | Noticed Dowan
  5813 | D:6      | Killed Dowan
  5852 | D:6      | HP: 3/63 [giant frog (1)]
  5853 | D:6      | HP: 1/63 [giant frog (2)]
  5853 | D:6      | Slain by a giant frog

Vault maps used:
D:1:      scummos_arrival_hexagon
D:2:      old_standard_altar, ashenzari_altar_1, first_bread
D:3:      xom_teletrap_fun
D:4:      trog_three_pillars_becter, uniq_menkaure, uniq_natasha
D:6:      nemelex_xobeh_ov_fountains_minmay, uniq_duvessa

Skill      XL: |  1  2  3  4  5  6  7 |
---------------+----------------------+-----
Maces & Flails | 2 3 4 5 7 9 |  9.6
Fighting       | |  3.0
Armour         | |  2.1
Shields        | |  2.1

Action                   |  1- 3 |  4- 6 |  7- 9 || total
-------------------------+-------+-------+-------++-------
Melee: Flail             |   151 |   163 |   150 ||   464
       Kick              |    26 |    34 |    32 ||    92
  Use: Potion            |       |     6 |     2 ||     8
       Scroll            |       |     2 |       ||     2
  Eat: Chunk             |     3 |     7 |     3 ||    13
Armor: Scale mail        |    92 |    46 |    52 ||   190
       Skin              |       |    23 |    83 ||   106
Dodge: Dodged            |    35 |    25 |    28 ||    88
Block: Shield            |    78 |    55 |    73 ||   206
